 Dungeon Crawl Stone Soup version 0.26.1-11-gd32895ea62 (webtiles) character file.

Game seed: 15440825053235380864

80 wafflestompin the Sneak (level 4, 0/24 HPs)
             Began as a Kobold Enchanter on May 8, 2021.
             Slain by a bat (1 damage)
             ... on level 3 of the Dungeon.
             The game lasted 00:23:18 (2998 turns).

wafflestompin the Sneak (Kobold Enchanter)          Turns: 2998, Time: 00:23:19

Health: 0/24       AC:  3    Str:  6    XL:     4   Next: 65%
Magic:  7/7        EV: 16    Int: 16    God:
Gold:   85         SH:  0    Dex: 15    Spells: 6/7 levels left

rFire    . . .     SeeInvis .   a - +1 dagger
rCold    . . .     Faith    .   (shield restricted)
rNeg     . . .     Spirit   .   b - +0 robe
rPois    .         Reflect  .   (no helmet)
rElec    .         Harm     .   (no cloak)
rCorr    .         Rampage  .   d - +0 pair of gloves
Will     .....                  (no boots)
Stlth    ++++......             (no amulet)
HPRegen  0.08/turn              (no ring)
MPRegen  0.10/turn              (no ring)

@: no status effects
A: small, nightstalker 3
a: no special abilities


You were on level 3 of the Dungeon.
You visited 1 branch of the dungeon, and saw 3 of its levels.

You collected 85 gold pieces.

Inventory:

Hand Weapons
 a - a +1 dagger (weapon)
 e - a +0 dagger
 f - a +0 dagger
 l - a +0 hunting sling
 m - a +0 rapier
 s - a +0 hunting sling
Missiles
 c - 8 boomerangs
 n - 91 stones
Armour
 b - a +0 robe (worn)
 d - a +0 pair of gloves (worn)
 i - a +0 robe
 v - a +0 leather armour
Scrolls
 h - a scroll of amnesia {unknown}
 o - a scroll of remove curse {unknown}
 p - a scroll of noise
 r - a scroll of identify
 t - 2 scrolls of enchant armour {unknown}
 u - a scroll of teleportation {unknown}
Potions
 g - a potion of experience {unknown}
 k - a potion of ambrosia {unknown}
 q - a potion of invisibility


   Skills:
 + Level 0.1 Fighting
 * Level 3.0 Short Blades
 * Level 3.0 Dodging
 * Level 5.4 Stealth
 * Level 2.4 Spellcasting
 + Level 3.2 Hexes


You had 6 spell levels left.
You knew the following spells:

 Your Spells              Type           Power        Failure   Level
a - Corona                Hex            13%          5%          1

Your spell library contained the following spells:

 Spells                   Type           Power        Failure   Level
 Ensorcelled Hibernation  Hex/Ice        14%          16%         2
 Confusing Touch          Hex            12%          16%         3
 Tukima's Dance           Hex            12%          16%         3
 Dazzling Flash           Conj/Hex       14%          30%         3


Dungeon Overview and Level Annotations

Branches:
Dungeon (3/15)

Altars:
Kikubaaqudgha
Sif Muna


Innate Abilities, Weirdness & Mutations

You are small and have problems with some larger weapons.
You are completely attuned to the shadows.


Message History

The orc is wielding a +0 club and wearing a +1 leather armour of cold resistance.
An orc comes into view. It is wielding a +0 whip.
The orc priest shouts!
The orc shouts!
You hear an angry hiss.
The bat completely misses you.
The orc priest mumbles some strange prayers to Beogh against you.
Beogh smites you!
Ouch! That really hurt!
The orc hits you with a +0 club.
* * * LOW HITPOINT WARNING * * *
The bat barely misses you. The orc barely misses you.
The orc hits you with a +0 club.
* * * LOW HITPOINT WARNING * * *
The bat misses you. The bat hits you.
* * * LOW HITPOINT WARNING * * *
The orc misses you. The bat completely misses you. The bat misses you.
The bat hits you.
You die...

..#..###...........
..................#
###.#.##..###.#####
........####.#..#..###.....#
...........#.##.#..........#
..........##.##.##.###.....#
#.............. ...# #.....#
........#.##.##..#####.....#
##.##....ob@.##............#
#......oo##.##............#
......##.##.##............#
.................####.....#
......########............'
#... #....#.#.#####
#..#.#.#.# # #..#...#.# #
#..#...#.# #


You could see an orc priest, 2 orcs and a bat.

Vanquished Creatures
  4 adders
  A worm (D:3)
  2 dart slugs
  2 leopard geckos
  5 bats
  A giant cockroach (D:1)
  3 goblins
  5 hobgoblins
  4 jackals (D:2)
  3 frilled lizards
  7 rats
37 creatures vanquished.

Notes
Turn   | Place    | Note
-------+----------+-------------------------------------------
     0 | D:1      | wafflestompin the Kobold Enchanter began the quest for the
                  | Orb.
     0 | D:1      | Reached XP level 1. HP: 10/10 MP: 3/3
    14 | D:1      | Noticed a dwarf
    16 | D:1      | Noticed a gargoyle
    16 | D:1      | Noticed a demigod
    24 | D:1      | Noticed a vampire
    26 | D:1      | Noticed a naga
    26 | D:1      | Noticed a tengu
    28 | D:1      | Noticed a ghoul
    28 | D:1      | Noticed a felid
    30 | D:1      | Noticed a merfolk
    32 | D:1      | Noticed a vine stalker
    32 | D:1      | Noticed an ogre
    34 | D:1      | Noticed a demonspawn
    34 | D:1      | Noticed a halfling
    36 | D:1      | Noticed an octopode
    36 | D:1      | Noticed a centaur
    38 | D:1      | Noticed a formicid
    38 | D:1      | Noticed a spriggan
    40 | D:1      | Noticed a human
    40 | D:1      | Noticed a troll
    42 | D:1      | Noticed a minotaur
    42 | D:1      | Noticed an elf
    44 | D:1      | Noticed a draconian
   250 | D:1      | Reached XP level 2. HP: 12/15 MP: 5/5
   597 | D:2      | Reached XP level 3. HP: 19/19 MP: 6/6
  1713 | D:2      | Found an ancient bone altar of Kikubaaqudgha.
  1817 | D:2      | Found a shimmering blue altar of Sif Muna.
  1874 | D:2      | Reached skill level 5 in Stealth
  2356 | D:2      | Reached XP level 4. HP: 24/24 MP: 7/7
  2635 | D:3      | HP: 1/24 [adder (1)]
  2994 | D:3      | HP: 1/24 [bat (1)]
  2998 | D:3      | Slain by a bat

Illustrated notes

Levels and vault maps discovered:
D:1:      kb_arrival_jail, layout_basic
D:2:      layout_basic, lemuel_round_altar, old_standard_altar
D:3:      layout_basic, ebering_ghost_disaster_area, st_stairs_6,
          grunt_ministairs_1

Skill      XL: |  1  2  3  4 |
---------------+-------------+-----
Short Blades   | 2 3 |  3.0
Stealth        | 5 |  5.4
Dodging        | 3 |  3.0
Fighting       | |  0.1
Spellcasting   | |  2.4
Hexes          | |  3.2

Action                   |  1- 3 |  4- 6 || total
-------------------------+-------+-------++-------
Melee: Dagger            |   136 |    64 ||   200
  Use: Potion            |     1 |     1 ||     2
       Scroll            |       |     2 ||     2
 Stab: Sleeping          |    10 |     2 ||    12
       Distracted        |     1 |     1 ||     2
Armor: Robe              |    26 |    10 ||    36
Dodge: Dodged            |   117 |    63 ||   180
